 Dungeon Crawl Stone Soup version 0.30-a0-422-g946f4849ff (webtiles) character file.

Game seed: 16441786407493050017

280 ryw the Caller (level 6, -2/41 HPs)
             Began as a Demonspawn Summoner on Dec 9, 2022.
             Splashed by a jelly's acid (11 damage)
             ... on level 4 of the Dungeon.
             The game lasted 00:07:16 (3953 turns).

ryw the Caller (Demonspawn Summoner)                Turns: 3953, Time: 00:07:17

Health: -2/41      AC: -9    Str:  8    XL:     6   Next: 5%
Magic:  6/12       EV: 12    Int: 19    God:
Gold:   139        SH:  4    Dex: 13    Spells: 4/13 levels left

rFire   . . .      SeeInvis .    i - +1 short sword
rCold   . . .      Faith    .    (no shield)
rNeg    . . .      Spirit   .    a - +0 robe
rPois   .          Reflect  .    (no helmet)
rElec   .          Harm     .    (no cloak)
rCorr   .          Rampage  .    k - +0 pair of gloves
Will    .....                    (no boots)
Stlth   ++........               (no amulet)
HPRegen 0.26/turn                (no ring)
MPRegen 0.13/turn                (no ring)

@: corroded
A: condensation shield, weakness stinger 1
a: no special abilities


You were on level 4 of the Dungeon.
You visited 1 branch of the dungeon, and saw 4 of its levels.

You collected 139 gold pieces.

Inventory:

Hand Weapons
 i - a +1 short sword (weapon)
Armour
 a - a +0 robe (worn)
 k - a +0 pair of gloves (worn)
Jewellery
 h - a ring of willpower
Scrolls
 d - a scroll of blinking
 f - 3 scrolls of identify {unknown}
 g - 2 scrolls of enchant weapon
 j - a scroll of teleportation {unknown}
 m - a scroll of fear {unknown}
 n - 3 scrolls of noise {unknown}
Potions
 b - a potion of magic
 c - 2 potions of brilliance {unknown}
 e - 2 potions of heal wounds
 l - a potion of berserk rage {unknown}


   Skills:
 - Level 1.7 Dodging
 - Level 1.7 Stealth
 + Level 4.3 Spellcasting
 + Level 5.9 Summonings


You had 4 spell levels left.
You knew the following spells:

 Your Spells              Type           Power      Damage    Failure   Level
a - Call Canine Familiar  Summ           26%        N/A       3%          3
b - Call Imp              Summ           26%        N/A       1%          2
c - Summon Small Mammal   Summ           100%       N/A       1%          1
d - Summon Guardian Gole  Hex/Summ       15%        N/A       12%         3

Your spell library contained the following spells:

 Spells                   Type           Power      Damage    Failure   Level
 Dazzling Flash           Conj/Hex       8%         N/A       36%         3
 Summon Lightning Spire   Summ/Air       15%        N/A       36%         4
 Iskenderun's Mystic Bla  Conj/Tloc      4%         2d3       78%         4
 Starburst                Conj/Fire      2%         6d3       100%        6


Dungeon Overview and Level Annotations

Branches:
Dungeon (4/15)
 Temple: D:4-7

Altars:
Qazlal
Uskayaw


Innate Abilities, Weirdness & Mutations

A meltable shield of frost defends you. (SH +4)
You have a small tail.


Message History

Your bat's corpse disappears in a puff of smoke!
Your crimson imp hits the jelly.
Your crimson imp is burned by acid!
The jelly hits your quokka but does no damage.
What are your orders? t - Shout!
Orders for allies: a - Attack new target. r - Retreat! s - Stop attacking. g - Guard the area. f - Follow me.
Anything else - Cancel.
Gang up on whom?
Press: ? - help, Dir - move target, f - adder
Aim: an adder Attack!
The adder bites your hound. The adder barely misses your quokka.
Your hound bites the adder.
Your quokka completely misses the adder.
The adder bites your hound. The jelly barely misses you.
Your hound closely misses the adder.
You hit the jelly. The acid corrodes you!
Your hands burn!
The jelly is severely wounded.
Your quokka completely misses the adder.
The adder closely misses your quokka.
Your hound barely misses the adder.
The jelly hits you. The acid corrodes you!
You are splashed with acid!
You hit the jelly.
Your hands burn!
The jelly is almost dead.
The adder barely misses your quokka.
Your quokka closely misses the adder.
Your hound misses the adder. The adder closely misses your quokka.
Your hound closely misses the adder.
Your quokka barely misses the adder.
The jelly hits you. The acid corrodes you!
You are splashed with acid!
* * * LOW HITPOINT WARNING * * *
Unknown command.
You barely miss the jelly.
The jelly is almost dead.
Your hound bites the adder.
The adder bites your quokka.
Your quokka is poisoned.
The adder poisons your quokka!
Your quokka barely misses the adder.
The jelly hits you.
* * * LOW HITPOINT WARNING * * *
You are splashed with acid!
You die...

... #.#
... #.#
... ####
#.##.....
#J5.....#
#@r#
#...hS.>#
#.#..#..#
.......
..$. ...
#.... ...
#.##
###### ##
... .#


You could see a jelly, an adder (ally target), a friendly hound (summoned), a
friendly crimson imp (summoned) and a friendly quokka (summoned, very poisoned).

Vanquished Creatures
  An adder (D:3)
  4 ball pythons
  A hobgoblin (D:2)
  2 kobolds
  3 bats
  2 rats
13 creatures vanquished.

Vanquished Creatures (collateral kills)
  Terence (D:2)
  3 gnolls
  6 adders
  2 dart slugs (D:2)
  2 orcs (D:3)
  A bat (D:1)
  3 endoplasms
  6 goblins
  A hobgoblin (D:3)
  3 ball pythons
  A frilled lizard (D:2)
  8 kobolds
  3 rats
40 creatures vanquished.

Vanquished Creatures (others)
  An ice beast (D:3)
  2 gnolls (D:3)
3 creatures vanquished.

Grand Total: 56 creatures vanquished

Notes
Turn   | Place    | Note
-------+----------+-------------------------------------------
     0 | D:1      | ryw the Demonspawn Summoner began the quest for the Orb.
     0 | D:1      | Reached XP level 1. HP: 13/13 MP: 3/3
   512 | D:1      | Gained mutation: A meltable shield of frost defends you.
                  | (SH +4) [demonic ancestry]
   512 | D:1      | Reached XP level 2. HP: 9/19 MP: 1/5
   515 | D:1      | Learned a level 2 spell: Call Imp
  1553 | D:2      | Reached XP level 3. HP: 11/24 MP: 0/7
  1557 | D:2      | Learned a level 3 spell: Call Canine Familiar
  1781 | D:2      | Found a hide-covered altar of Uskayaw.
  2321 | D:2      | Reached XP level 4. HP: 23/30 MP: 3/8
  2426 | D:2      | Noticed Terence
  2546 | D:2      | Killed Terence
  2547 | D:2      | Reached skill level 5 in Summonings
  2709 | D:3      | Noticed an ice beast
  2822 | D:2      | Learned a level 3 spell: Summon Guardian Golem
  3027 | D:3      | Reached XP level 5. HP: 35/35 MP: 3/10
  3430 | D:3      | Found a stormy altar of Qazlal.
  3464 | D:3      | Found a faded altar of an unknown god.
  3566 | D:3      | Killed an ice beast
  3584 | D:3      | Discovered your monstrous ancestry.
  3584 | D:3      | Gained mutation: You have a small tail. [demonic ancestry]
  3584 | D:3      | Reached XP level 6. HP: 38/41 MP: 6/12
  3953 | D:4      | Splashed by a jelly's acid

Illustrated notes

Levels and vault maps discovered:
D:1:      nzn_arrival_depleted_hourglass, layout_loops_ring, minmay_pentomino_s2
D:2:      layout_loops_corners, basic_altar, uniq_terence
D:3:      layout_loops_ring, grunt_temple_overflow_open,
          hellmonk_ecumenical_altar_inner_sanctum,
          chequers_serial_rivers_small_a
D:4:      layout_loops_cross

Skill      XL: |  1  2  3  4  5 |
---------------+----------------+-----
Spellcasting   | 3 4 |  4.3
Summonings     | 5 |  5.9
Dodging        | |  1.7
Stealth        | |  1.7

Action                   |  1- 3 |  4- 6 || total
-------------------------+-------+-------++-------
Melee: Unarmed           |    10 |       ||    10
       Short sword       |    16 |    39 ||    55
 Cast: Summon Small Mamm |    38 |    10 ||    48
       Call Imp          |    14 |    16 ||    30
       Call Canine Famil |     5 |    11 ||    16
       Summon Guardian G |       |     3 ||     3
  Use: Scroll            |     3 |     1 ||     4
       Potion            |     2 |       ||     2
 Stab: Sleeping          |     1 |     2 ||     3
Armor: Robe              |    10 |    10 ||    20
Dodge: Dodged            |    33 |    28 ||    61
Block: Other             |     4 |    14 ||    18

Table legend: (Time is in decaauts)
 A = Elapsed time spent in this place.
 B = Non-inter-level travel time spent in this place.
 C = Inter-level travel time spent in this place.
 D = Time resting spent in this place.
 E = Time spent auto-exploring this place.
 F = Levels seen in this place.
 G = Mean time per level.
                   A        B        C        D        E       F      G
               +--------+--------+--------+--------+--------+-----+--------+
         Total |   3954 |   3851 |    103 |    373 |   2712 |   4 |  988.5 |
       Dungeon |   3954 |   3851 |    103 |    373 |   2712 |   4 |  988.5 |
               +--------+--------+--------+--------+--------+-----+--------+

Top non-repeatable levels by time:
     D:2: 1628 daAuts
     D:3: 1168 daAuts
     D:1: 1148 daAuts
     D:4: 9 daAuts
